 Dungeon Crawl Stone Soup version 0.23.0 (webtiles) character file.

Game seed: 10116234688234773748

854 Frank the Slasher (level 8, -11/54 HPs)
             Began as an Octopode Fighter on Feb 15, 2019.
             Mangled by an ogre
             ... wielding a +0 giant club
              (22 damage)
             ... on level 5 of the Dungeon.
             The game lasted 00:06:35 (3852 turns).

Frank the Slasher (Octopode Fighter)                Turns: 3852, Time: 00:06:36

Health: -11/54     AC:  1    Str: 15    XL:     8   Next: 1%
Magic:  8/8        EV: 13    Int: 11    God:
Gold:   141        SH: 10    Dex: 13    Spells: 7/7 levels left

rFire    . . .     SeeInvis .   a - +1 long sword
rCold    . . .     Gourm    .   b - +1 shield
rNeg     . . .     Faith    .   (helmet restricted)
rPois    .         Spirit   .   (no amulet)
rElec    .         Reflect  .   (no ring)
rCorr    .         Harm     .   (no ring)
MR       .....                  (no ring)
Stlth    ++++......             (no ring)
HPRegen  0.18/turn              (no ring)
MPRegen  0.11/turn              (no ring)
                                (no ring)
                                (no ring)

@: no status effects
A: almost no armour, stealthy swim, amphibious, 8 rings, constrict 8, camouflage
1, gelatinous body 1
a: no special abilities


You were on level 5 of the Dungeon.
You were very hungry.

You visited 1 branch of the dungeon, and saw 5 of its levels.

You collected 296 gold pieces.
You spent 155 gold pieces at shops.

Inventory:

Hand Weapons
 a - a +1 long sword (weapon)
Armour
 b - a +1 shield (worn)
Jewellery
 j - an uncursed ring of fire
 k - an uncursed ring of flight
Wands
 g - a wand of random effects (7)
Scrolls
 e - 3 scrolls of identify
 f - 2 scrolls of remove curse
 h - 2 scrolls of teleportation
Potions
 i - a potion of cancellation
Comestibles
 d - 9 rations


   Skills:
 + Level 4.3 Fighting
 + Level 5.8 Long Blades
 + Level 4.5 Dodging
 + Level 4.8 Stealth
 + Level 4.3 Shields
 * Level 0.7 Evocations


You had 7 spell levels left.
You didn't know any spells.
Your spell library was empty.

Dungeon Overview and Level Annotations

Branches:
Dungeon (5/15)             Temple (0/1) D:4

Altars:
Ashenzari
Cheibriados
Fedhas
Kikubaaqudgha
Uskayaw
Xom
Yredelemnul

Shops:
D:4 *


Innate Abilities, Weirdness & Mutations

You cannot wear most types of armour.
You are very stealthy in the water. (Stealth+)
You are amphibious.
You can wear up to eight rings at the same time.
You can use your tentacles to constrict eight enemies at once.
Your skin changes colour to match your surroundings (Stealth+).
Your rubbery body absorbs attacks. (AC +1, EV +1)


Message History

A jackal comes into view.
You closely miss the ogre.
The ogre is moderately wounded.
The jackal barks!
The ogre hits you with a +0 giant club!
* * * LOW HITPOINT WARNING * * *
A jackal comes into view.
The jackal barks!
You closely miss the ogre.
The ogre is moderately wounded.
The ogre hits you with a +0 giant club.
* * * LOW HITPOINT WARNING * * *
You barely miss the ogre. You squeeze the ogre!
The ogre is severely wounded.
The ogre closely misses you.
Your shield prevents you from hitting the ogre.
Your squeeze misses the ogre.
The ogre is severely wounded.
The ogre hits you with a +0 giant club!!
You die...

#.#
#####.#
..##.#
#.##รท#
##.##.#
#...<.#
#..####
######..#
#hO@....#
#h#####.#
# #.# #.#
#.# #.#
.#


You could see an ogre and 2 jackals.

Vanquished Creatures
  Duvessa (D:4)
  The ghost of lextramoth the Ruffian, an amateur HOTm of Okawaru (D:3)
  A centaur (D:4)
  Dowan (D:4)
  A howler monkey (D:3)
  2 orc priests (D:4)
  2 orc wizards (D:4)
  6 worker ants (D:4)
  2 iguanas (D:4)
  8 adders
  A worker ant simulacrum (D:3)
  An ooze (D:4)
  An adder skeleton (D:4)
  3 worms
  A dart slug (D:1)
  2 adder simulacra (D:3)
  2 leopard geckos (D:2)
  12 orcs
  11 bats
  3 giant cockroaches
  6 goblins
  5 hobgoblins
  5 jackals (D:4)
  6 kobolds
  4 quokkas
  9 frilled lizards
  A leopard gecko simulacrum (D:3)
  A quokka simulacrum (D:3)
  8 rats
107 creatures vanquished.

Notes
Turn   | Place    | Note
-------+----------+-------------------------------------------
     0 | D:1      | Frank the Octopode Fighter began the quest for the Orb.
     0 | D:1      | Reached XP level 1. HP: 16/16 MP: 1/1
   158 | D:1      | Reached XP level 2. HP: 21/21 MP: 2/2
   659 | D:2      | Reached XP level 3. HP: 24/26 MP: 3/3
   664 | D:2      | Reached skill level 1 in Stealth
  1197 | D:3      | Reached XP level 4. HP: 26/31 MP: 4/4
  1225 | D:3      | Reached skill level 3 in Long Blades
  1296 | D:3      | Reached XP level 5. HP: 25/36 MP: 5/5
  1562 | D:3      | Found a runed translucent gate.
  1597 | D:3      | Noticed lextramoth's ghost (amateur HOTm)
  1648 | D:3      | Found a runed translucent gate.
  1649 | D:3      | Found a runed translucent gate.
  2134 | D:3      | Killed lextramoth's ghost
  2134 | D:3      | Reached skill level 4 in Long Blades
  2134 | D:3      | Reached XP level 6. HP: 20/42 MP: 6/6
  2484 | D:4      | Found a hide-covered altar of Uskayaw.
  2485 | D:4      | Found a shattered altar of Ashenzari.
  2486 | D:4      | Found an ancient bone altar of Kikubaaqudgha.
  2486 | D:4      | Found a basalt altar of Yredelemnul.
  2486 | D:4      | Found a snail-covered altar of Cheibriados.
  2490 | D:4      | Found a shimmering altar of Xom.
  2841 | D:4      | Found Acsoi's Assorted Antiques.
  2865 | D:4      | Bought a runed gilded ring for 155 gold pieces
  3027 | D:4      | Noticed Duvessa
  3028 | D:4      | Noticed Dowan
  3034 | D:4      | Killed Duvessa
  3034 | D:4      | Reached skill level 5 in Long Blades
  3034 | D:4      | Reached XP level 7. HP: 43/47 MP: 7/7
  3040 | D:4      | Killed Dowan
  3236 | D:4      | Found a staircase to the Ecumenical Temple.
  3435 | D:4      | Reached XP level 8. HP: 43/54 MP: 8/8
  3440 | D:4      | Found a blossoming altar of Fedhas.
  3830 | D:5      | Entered Level 5 of the Dungeon
  3852 | D:5      | Mangled by an ogre

Skill      XL: |  1  2  3  4  5  6  7 |
---------------+----------------------+-----
Stealth        | 1 2 3 4 |  4.8
Long Blades    | 3 4 5 |  5.8
Dodging        | 4 |  4.5
Shields        | 4 |  4.3
Fighting       | 4 |  4.3
Evocations     | |  0.7

Action                   |  1- 3 |  4- 6 |  7- 9 || total
-------------------------+-------+-------+-------++-------
Melee: Long sword        |    56 |   103 |    53 ||   212
       Constrict         |    14 |    32 |    12 ||    58
       Tentacles         |    11 |    27 |     9 ||    47
Evoke: Wand              |       |       |     3 ||     3
  Use: Scroll            |     7 |     5 |     2 ||    14
       Potion            |       |     3 |     2 ||     5
 Stab: Sleeping          |     4 |     8 |     2 ||    14
       Distracted        |     1 |       |       ||     1
  Eat: Chunk             |       |     3 |     2 ||     5
       Ration            |       |     1 |       ||     1
Armor: Skin              |     5 |     5 |     5 ||    15
Dodge: Dodged            |    19 |    54 |    22 ||    95
Block: Shield            |    17 |    57 |    17 ||    91
       Rpst.: Long sword |     7 |    18 |     5 ||    30
